 Dungeon Crawl Stone Soup version 0.31-a0-1005-gfbdfbacc72 (webtiles) character file.

Game seed: 5504547714072455800

84 night the Caller (level 4, -4/33 HPs)
             Began as a Draconian Summoner on Nov 11, 2023.
             Killed by an exploding themself (37 damage)
             ... ignited by their inner flame
             ... on level 3 of the Dungeon.
             The game lasted 00:05:46 (2679 turns).

night the Caller (Draconian Summoner)               Turns: 2679, Time: 00:05:46

Health: -4/33      AC:  6    Str: 10    XL:     4   Next: 23%
Magic:  2/8        EV: 12    Int: 18    God:
Gold:   170        SH:  0    Dex: 11    Spells: 0/9 levels left

rFire   . . .        f - +0 spear
rCold   . . .        (no shield)
rNeg    . . .        (body armour unavailable)
rPois   .            (helmet restricted)
rElec   .            (no cloak)
rCorr   .            (no gloves)
SInv    .            q - +0 pair of boots
Will    .....        (no amulet)
Stlth   ++           (no ring)
HPRegen 0.25/turn    (no ring)
MPRegen 0.11/turn

%: no passive effects
@: no status effects
A: AC +5, unfitting armour, cold-blooded
a: no special abilities


You were on level 3 of the Dungeon.
You visited 1 branch of the dungeon, and saw 3 of its levels.

You collected 170 gold pieces.

Inventory:

Hand Weapons
 f - a +0 spear (weapon)
Missiles
 b - 5 poisoned darts
 c - 13 stones
Armour
 q - a +0 pair of boots (worn)
Scrolls
 g - 2 scrolls of fear {unknown}
 h - a scroll of torment {unknown}
 j - 2 scrolls of amnesia {unknown}
 l - a scroll of revelation {unknown}
 m - a scroll of enchant armour {unknown}
 n - 2 scrolls of teleportation {unknown}
 o - a scroll of identify {unknown}
 r - a scroll of noise {unknown}
Potions
 a - a potion of magic
 d - 3 potions of curing {unknown}
 e - 2 potions of attraction {unknown}
 i - 3 potions of enlightenment {unknown}
 k - 2 potions of heal wounds {unknown}
 p - a potion of invisibility {unknown}


   Skills:
 - Level 1.7 Dodging
 - Level 1.7 Stealth
 + Level 3.3 Spellcasting
 + Level 4.9 Summonings


You couldn't memorise any spells.
You knew the following spells:

 Your Spells              Type           Power      Damage    Failure   Level
a - Summon Small Mammal   Summ           80%        N/A       1%          1
b - Call Imp              Summ           40%        N/A       3%          2
c - Call Canine Familiar  Summ           20%        N/A       6%          3
d - Summon Guardian Gole  Hex/Summ       11%        N/A       17%         3

Your spell library contained the following spells:

 Spells                   Type           Power      Damage    Failure   Level
 Lesser Beckoning         Tloc           4%         N/A       24%         2
 Gell's Gravitas          Tloc           2%         N/A       43%         3
 Teleport Other           Tloc           2%         N/A       43%         3
 Summon Lightning Spire   Summ/Air       11%        N/A       50%         4
 Dispersal                Tloc           1%         N/A       100%        6


Dungeon Overview and Level Annotations

Branches:
Dungeon (3/15)

Altars:
Ru


Innate Abilities, Weirdness & Mutations

Your plain brown scales are hard. (AC +5)
You cannot fit into any form of body armour.
You are cold-blooded and may be slowed by cold attacks.


Message History

Unknown command.
Casting: Call Canine Familiar (dangerous; 6% risk of failure)
Confirm with . or Enter, or press ? or * to list all spells.
A guardian golem appears, shielding your allies.
Unknown command.
What are your orders? t - Shout!
Orders for allies: a - Attack new target. r - Retreat! s - Stop attacking. g - Guard the area. f - Follow me.
Anything else - Cancel.
You shout for attention!
Your cerulean imp hits Grinder but does no damage.
Grinder hits your guardian golem!
Your cerulean imp hits Grinder but does no damage.
Grinder hits your guardian golem.
Your cerulean imp misses Grinder.
Grinder hits your guardian golem.
Your cerulean imp hits Grinder from afar with a -2 spear.
Grinder hits your guardian golem but does no damage.
Your cerulean imp hits Grinder but does no damage.
Grinder hits your guardian golem but does no damage.
Your cerulean imp barely misses Grinder.
Grinder hits your guardian golem but does no damage.
Your cerulean imp hits Grinder from afar with a -2 spear.
Grinder hits your guardian golem!
Your cerulean imp closely misses Grinder.
Your guardian golem overheats!
Grinder hits your guardian golem. Flame seeps out of your guardian golem.
Your cerulean imp hits Grinder but does no damage.
Your guardian golem is engulfed in blazing flames.
Flame seeps out of your guardian golem.
Grinder blinks!
Your guardian golem is engulfed in blazing flames.
Flame seeps out of your guardian golem. Something hits your guardian golem.
Your guardian golem disappears in a puff of smoke!
Your guardian golem explodes!
You feel a bit more experienced. The fiery explosion engulfs you!!!
Ouch! That really hurt!
You die...

##.............#.#.#.~~~.#
#...##>.........#.#~...~#
##...##..####......#~._.~#
.....##..# #......#~...~#
.....##..# #......#.~~~.#
...####..# #......#.....#
...#
#..####.....#.#...#...#
...#
#...........##§#.#.##.#
...# #..####.....#@5§#....
##.# #..#
#.....#h##..###.#
#.####..####.....#.# ..# #
#................#.# ..#
##...###..####......# ..#
.#........... ..###.# .5#
...........####.# #.# ..#
.###.####.... ..# ..#
.............. ..#


You could see a friendly hound (summoned, sheltered) and a friendly cerulean imp
(summoned, sheltered).

Vanquished Creatures
  An adder (D:2)
  A dart slug (D:3)
  2 bats (D:2)
  An endoplasm (D:1)
  A giant cockroach (D:1)
  A goblin (D:2)
  5 hobgoblins
  3 quokkas (D:1)
  3 ball pythons
  A rat (D:3)
19 creatures vanquished.

Vanquished Creatures (collateral kills)
  2 adders
  A dart slug (D:2)
  An orc (D:3)
  3 bats
  3 endoplasms
  2 giant cockroaches (D:1)
  6 goblins
  A hobgoblin (D:2)
  A ball python (D:2)
  3 frilled lizards
  3 kobolds
  4 rats
30 creatures vanquished.

Vanquished Creatures (others)
  Grinder (D:3)
1 creature vanquished.

Grand Total: 50 creatures vanquished

Notes
Turn   | Place    | Note
-------+----------+-------------------------------------------
     0 | D:1      | night the Draconian Summoner began the quest for the Orb.
     0 | D:1      | Reached XP level 1. HP: 14/14 MP: 3/3
   445 | D:1      | Reached XP level 2. HP: 18/20 MP: 3/5
   448 | D:1      | Learned a level 2 spell: Call Imp
  1260 | D:2      | Reached XP level 3. HP: 26/26 MP: 1/7
  1268 | D:2      | Learned a level 3 spell: Call Canine Familiar
  2128 | D:3      | Reached XP level 4. HP: 33/33 MP: 2/8
  2132 | D:3      | Learned a level 3 spell: Summon Guardian Golem
  2351 | D:3      | Found Agef's Antique Armour Shoppe.
  2637 | D:3      | Found a sacrificial altar of Ru.
  2657 | D:3      | Noticed Grinder
  2679 | D:3      | Killed Grinder
  2679 | D:3      | Killed by an exploding themself... ignited by their inner
                  | flame

Illustrated notes

Levels and vault maps discovered:
D:1:      mushboom_english_gardens, layout_loops_corners
D:2:      layout_rooms
D:3:      layout_basic, nicolae_ru_awakened_eye,
          amethyst_overflow_temple_binary, serial_shops, shop, uniq_grinder

Skill      XL: |  1  2  3 |
---------------+----------+-----
Spellcasting   | 3 |  3.3
Dodging        | |  1.7
Stealth        | |  1.7
Summonings     | |  4.9

Action                     |  1- 3 |  4- 6 || total
---------------------------+-------+-------++-------
  Melee: Unarmed           |    26 |       ||    26
         Tailslap          |    10 |     1 ||    11
         Spear             |    42 |    14 ||    56
   Cast: Summon Small Mamm |    27 |     3 ||    30
         Call Imp          |    22 |     4 ||    26
         Call Canine Famil |     7 |     4 ||    11
         Summon Guardian G |       |     1 ||     1
   Stab: Sleeping          |     1 |       ||     1
 Armour: Skin              |    36 |     4 ||    40
  Dodge: Dodged            |    45 |     5 ||    50

Table legend: (Time is in decaauts)
 A = Elapsed time spent in this place.
 B = Non-inter-level travel time spent in this place.
 C = Inter-level travel time spent in this place.
 D = Time resting spent in this place.
 E = Time spent auto-exploring this place.
 F = Levels seen in this place.
 G = Mean time per level.
                   A        B        C        D        E       F      G
               +--------+--------+--------+--------+--------+-----+--------+
         Total |   2684 |   2657 |     27 |      0 |   2171 |   3 |  894.7 |
       Dungeon |   2684 |   2657 |     27 |      0 |   2171 |   3 |  894.7 |
               +--------+--------+--------+--------+--------+-----+--------+

Top non-repeatable levels by time:
     D:1: 1255 daAuts
     D:2: 872 daAuts
     D:3: 556 daAuts
